TOP OF THE 1ST |
Savannah Hogs batting - Pitching for Nashua Redlegs : RHP Michael Díaz
|
Pitching: RHP Michael Díaz
|
|
Batting: LHB Manny Hernández
|
0-0: Called Strike 0-1: Ball 1-1: Ball 2-1: Ground out 4-3 (Groundball, 4)
|
Batting: LHB Jim Clemente
|
0-0: Ball 1-0: Swinging Strike 1-1: Called Strike 1-2: Strikes out swinging
|
Batting: LHB Ramón Morales
|
0-0: Swinging Strike 0-1: Called Strike 0-2: Ground out 4-3 (Groundball, 4S)
|
Top of the 1st over - 0 run(s), 0 hit(s), 0 error(s), 0 left on base; Savannah 0 - Nashua 0 |
BOTTOM OF THE 1ST |
Nashua Redlegs batting - Pitching for Savannah Hogs : RHP Mike Meeks
|
Pitching: RHP Mike Meeks
|
|
Batting: LHB Richard Olvera
|
0-0: Ball 1-0: Called Strike 1-1: Ball 2-1: Ball 3-1: Foul Ball, location: 2F 3-2: Fly out, F4 (Line Drive, 4)
|
Batting: RHB David Strickland
|
0-0: Ground out 6-3 (Groundball, 6)
|
Batting: LHB Dave Lee
|
0-0: Called Strike 0-1: Ball 1-1: Ball 2-1: Ball 3-1: Called Strike 3-2: Foul Ball, location: 2F 3-2: Base on Balls
|
Batting: RHB Héctor Vázquez
|
0-0: SINGLE (Line Drive, 78M) Dave Lee to second
|
Batting: LHB Frank Young
|
0-0: Ball 1-0: Fly out, F8 (Flyball, 8RXD)
|
Bottom of the 1st over - 0 run(s), 1 hit(s), 0 error(s), 2 left on base; Savannah 0 - Nashua 0 |
TOP OF THE 2ND |
Savannah Hogs batting - Pitching for Nashua Redlegs : RHP Michael Díaz
|
Batting: RHB Javier Martínez
|
0-0: Called Strike 0-1: Ball 1-1: Swinging Strike 1-2: Ball 2-2: Ball 3-2: Base on Balls
|
Batting: RHB Remi Eruzione
|
0-0: Foul Ball, location: 2F 0-1: Foul Ball, location: 2F 0-2: Strikes out swinging
|
Batting: LHB Pedro Medine
|
0-0: Ball 1-0: Fly out, F6 (Popup, 6D)
|
Batting: RHB Anastasio Movonda
|
0-0: Foul Ball, location: 2F 0-1: Ball 1-1: Ball 2-1: Called Strike 2-2: Ball 3-2: Strikes out looking
|
Top of the 2nd over - 0 run(s), 0 hit(s), 0 error(s), 1 left on base; Savannah 0 - Nashua 0 |
BOTTOM OF THE 2ND |
Nashua Redlegs batting - Pitching for Savannah Hogs : RHP Mike Meeks
|
Batting: RHB Eleuterio Supardo
|
0-0: Ball 1-0: Ground out 4-3 (Groundball, 34)
|
Batting: RHB Manuel Alonso
|
0-0: Ball 1-0: Fly out, F8 (Line Drive, 8RM)
|
Batting: LHB Bill McCraney
|
0-0: Ball 1-0: Ball 2-0: Called Strike 2-1: Fly out, F7 (Flyball, 7D)
|
Bottom of the 2nd over - 0 run(s), 0 hit(s), 0 error(s), 0 left on base; Savannah 0 - Nashua 0 |
TOP OF THE 3RD |
Savannah Hogs batting - Pitching for Nashua Redlegs : RHP Michael Díaz
|
Batting: RHB Miguel Toro
|
0-0: Ball 1-0: Swinging Strike 1-1: Foul Ball, location: 2F 1-2: Ground out 4-3 (Groundball, 4)
|
Batting: RHB Ignacio Rangel
|
0-0: Called Strike 0-1: Foul Ball, location: 2F 0-2: Ball 1-2: Strikes out swinging
|
Batting: LHB Manny Hernández
|
0-0: Swinging Strike 0-1: Ball 1-1: Called Strike 1-2: Strikes out swinging
|
Top of the 3rd over - 0 run(s), 0 hit(s), 0 error(s), 0 left on base; Savannah 0 - Nashua 0 |
BOTTOM OF THE 3RD |
Nashua Redlegs batting - Pitching for Savannah Hogs : RHP Mike Meeks
|
Batting: LHB Mike Harris
|
0-0: Ball 1-0: Ball 2-0: Ball 3-0: Base on Balls
|
Batting: LHB Richard Olvera
|
0-0: Ball 1-0: Foul Ball, location: 2F 1-1: Foul Ball, location: 2F 1-2: Fly out, F9 (Flyball, 9M)
|
Batting: RHB David Strickland
|
0-0: Foul Ball, location: 2F 0-1: Called Strike 0-2: Strikes out looking
|
Batting: LHB Dave Lee
|
0-0: Called Strike Mike Harris steals 2nd base 0-1: Ball 1-1: Ball 2-1: Foul Ball, location: 2F 2-2: Reached on error, E6 (Groundball, 6) Mike Harris to third
|
Batting: RHB Héctor Vázquez
|
0-0: SINGLE (Line Drive, 4MD) Mike Harris scores Dave Lee to second
|
Batting: LHB Frank Young
|
0-0: Called Strike 0-1: Foul Ball, location: 2F 0-2: Ball 1-2: Strikes out swinging
|
Bottom of the 3rd over - 1 run(s), 1 hit(s), 1 error(s), 2 left on base; Savannah 0 - Nashua 1 |
TOP OF THE 4TH |
Savannah Hogs batting - Pitching for Nashua Redlegs : RHP Michael Díaz
|
Batting: LHB Jim Clemente
|
0-0: Ball 1-0: Called Strike 1-1: Ball 2-1: Fly out, F5 (Popup, 5F)
|
Batting: LHB Ramón Morales
|
0-0: Fly out, F7 (Flyball, 7LSF)
|
Batting: RHB Javier Martínez
|
0-0: Called Strike 0-1: Foul Ball, location: 2F 0-2: Strikes out swinging
|
Top of the 4th over - 0 run(s), 0 hit(s), 0 error(s), 0 left on base; Savannah 0 - Nashua 1 |
BOTTOM OF THE 4TH |
Nashua Redlegs batting - Pitching for Savannah Hogs : RHP Mike Meeks
|
Batting: RHB Eleuterio Supardo
|
0-0: Swinging Strike 0-1: Ball 1-1: Swinging Strike 1-2: Foul Ball, location: 2F 1-2: Ball 2-2: Ball 3-2: Foul Ball, location: 2F 3-2: Foul Ball, location: 2F 3-2: Base on Balls
|
Batting: RHB Manuel Alonso
|
0-0: Ball 1-0: Ball 2-0: Ball 3-0: Called Strike 3-1: Fly out, F8 (Flyball, 8LM)
|
Batting: LHB Bill McCraney
|
0-0: Fly out, F8 (Flyball, 8LM)
|
Batting: LHB Mike Harris
|
0-0: Ball 1-0: Swinging Strike 1-1: Ball 2-1: Ground out 4-3 (Groundball, 34)
|
Bottom of the 4th over - 0 run(s), 0 hit(s), 0 error(s), 1 left on base; Savannah 0 - Nashua 1 |
TOP OF THE 5TH |
Savannah Hogs batting - Pitching for Nashua Redlegs : RHP Michael Díaz
|
Batting: RHB Remi Eruzione
|
0-0: Ball 1-0: Foul Ball, location: 2F 1-1: Swinging Strike 1-2: Ball 2-2: Ball 3-2: Strikes out looking
|
Batting: LHB Pedro Medine
|
0-0: SOLO HOME RUN (Flyball, 89XD), Distance : 419 ft
|
Batting: RHB Anastasio Movonda
|
0-0: Ball 1-0: Foul Ball, location: 2F 1-1: Called Strike 1-2: Foul Ball, location: 2F 1-2: Ball 2-2: Fly out, F7 (Flyball, 7M)
|
Batting: RHB Miguel Toro
|
0-0: Ball 1-0: Called Strike 1-1: Ball 2-1: Foul Ball, location: 2F 2-2: Fly out, F9 (Flyball, 9LM)
|
Top of the 5th over - 1 run(s), 1 hit(s), 0 error(s), 0 left on base; Savannah 1 - Nashua 1 |
BOTTOM OF THE 5TH |
Nashua Redlegs batting - Pitching for Savannah Hogs : RHP Mike Meeks
|
Batting: LHB Richard Olvera
|
0-0: Called Strike 0-1: Ball 1-1: Foul Ball, location: 2F 1-2: Ball 2-2: Foul Ball, location: 2F 2-2: Ground out 1-3 (Groundball, 15)
|
Batting: RHB David Strickland
|
0-0: Ball 1-0: Swinging Strike 1-1: Ball 2-1: Foul Ball, location: 2F 2-2: Strikes out looking
|
Batting: LHB Dave Lee
|
0-0: Called Strike 0-1: Ball 1-1: SOLO HOME RUN (Line Drive, 8LXD), Distance : 424 ft
|
Batting: RHB Héctor Vázquez
|
0-0: Ball 1-0: Ball 2-0: Ground out 5-3 (Groundball, 5L)
|
Bottom of the 5th over - 1 run(s), 1 hit(s), 0 error(s), 0 left on base; Savannah 1 - Nashua 2 |
TOP OF THE 6TH |
Savannah Hogs batting - Pitching for Nashua Redlegs : RHP Michael Díaz
|
Batting: RHB Ignacio Rangel
|
0-0: SINGLE (Groundball, 4M)
|
Batting: LHB Manny Hernández
|
0-0: Called Strike Ignacio Rangel steals 2nd base 0-1: Ball 1-1: Called Strike 1-2: Ball 2-2: Ball 3-2: Base on Balls
|
Batting: LHB Jim Clemente
|
0-0: Ball 1-0: Foul Ball, location: 2F 1-1: Ball 2-1: Ball 3-1: Foul Ball, location: 2F 3-2: Fielders Choice at 2nd, 1-6 (Groundball, 13S) Ignacio Rangel to third
|
Batting: LHB Ramón Morales
|
0-0: Ball 1-0: Called Strike 1-1: Foul Ball, location: 2F 1-2: Fielders Choice at 2nd, 1-6 (Groundball, 23)
|
Batting: RHB Javier Martínez
|
0-0: Ball 1-0: Ball 2-0: Fly out, F4 (Popup, 4MD)
|
Top of the 6th over - 0 run(s), 1 hit(s), 0 error(s), 2 left on base; Savannah 1 - Nashua 2 |
BOTTOM OF THE 6TH |
Nashua Redlegs batting - Pitching for Savannah Hogs : RHP Mike Meeks
|
Batting: LHB Frank Young
|
0-0: Called Strike 0-1: SINGLE (Line Drive, 8LS)
|
Batting: RHB Eleuterio Supardo
|
0-0: Called Strike 0-1: Ball 1-1: Grounds into double play, 4-6-3 (Groundball, 4)
|
Batting: RHB Manuel Alonso
|
0-0: Ball 1-0: Foul Ball, location: 2F 1-1: Swinging Strike 1-2: Ball 2-2: Ball 3-2: Strikes out swinging
|
Bottom of the 6th over - 0 run(s), 1 hit(s), 0 error(s), 0 left on base; Savannah 1 - Nashua 2 |
TOP OF THE 7TH |
Savannah Hogs batting - Pitching for Nashua Redlegs : RHP Michael Díaz
|
Pitching: LHP Jorge Melgaza
|
|
Batting: RHB Remi Eruzione
|
0-0: Called Strike 0-1: Swinging Strike 0-2: Strikes out swinging
|
Batting: LHB Pedro Medine
|
0-0: Ground out 3-1 (Groundball, 3)
|
Batting: RHB Anastasio Movonda
|
0-0: Ball 1-0: Fly out, F2 (Popup, 23F)
|
Top of the 7th over - 0 run(s), 0 hit(s), 0 error(s), 0 left on base; Savannah 1 - Nashua 2 |
BOTTOM OF THE 7TH |
Nashua Redlegs batting - Pitching for Savannah Hogs : RHP Mike Meeks
|
Pitching: RHP Shannon Wallace
|
|
Batting: LHB Bill McCraney
|
0-0: Ball 1-0: Called Strike 1-1: Ball 2-1: Called Strike 2-2: Strikes out swinging
|
Batting: LHB Mike Harris
|
0-0: Ball 1-0: Ground out 4-3 (Groundball, 34)
|
Batting: LHB Richard Olvera
|
0-0: Ball 1-0: Foul Ball, location: 2F 1-1: Ball 2-1: Ball 3-1: Called Strike 3-2: Strikes out swinging
|
Bottom of the 7th over - 0 run(s), 0 hit(s), 0 error(s), 0 left on base; Savannah 1 - Nashua 2 |
TOP OF THE 8TH |
Savannah Hogs batting - Pitching for Nashua Redlegs : LHP Jorge Melgaza
|
Pitching: LHP Raúl Fernández
|
|
Now in CF: Gabriel Erwin
|
|
Batting: RHB Miguel Toro
|
0-0: Fly out, F9 (Flyball, 89S)
|
Pitching: RHP Carlos Rodríguez
|
|
Batting: RHB Ignacio Rangel
|
0-0: Ball 1-0: Ball 2-0: Foul Ball, location: 2F 2-1: Ball 3-1: Foul Ball, location: 2F 3-2: Foul Ball, location: 2F 3-2: Foul Ball, location: 2F 3-2: Base on Balls
|
Pitching: LHP Tomás Salgado
|
|
Batting: LHB Manny Hernández
|
0-0: Called Strike 0-1: Foul Ball, location: 2F 0-2: DOUBLE (Line Drive, 3D) Ignacio Rangel to third
|
Pinch Hitting: RHB Javier Músquez
|
0-0: Called Strike 0-1: Foul Ball, location: 2F 0-2: Ball 1-2: Ball 2-2: Strikes out swinging
|
Batting: LHB Ramón Morales
|
0-0: SINGLE (Line Drive, 34) Ignacio Rangel scores Manny Hernández to third Runner from 3rd tries for Home, SAFE, no throw or cutoff
|
Batting: RHB Javier Martínez
|
0-0: Ball Ramón Morales is caught stealing 2nd base
|
Top of the 8th over - 2 run(s), 2 hit(s), 0 error(s), 0 left on base; Savannah 3 - Nashua 2 |
BOTTOM OF THE 8TH |
Nashua Redlegs batting - Pitching for Savannah Hogs : RHP Shannon Wallace
|
Now in RF: Javier Músquez
|
|
Batting: RHB David Strickland
|
0-0: Ball 1-0: Called Strike 1-1: Foul Ball, location: 2F 1-2: Ball 2-2: Foul Ball, location: 2F 2-2: Strikes out swinging
|
Batting: LHB Dave Lee
|
0-0: Ball 1-0: Foul Ball, location: 2F 1-1: Foul Ball, location: 2F 1-2: Ground out 4-3 (Groundball, 4)
|
Batting: RHB Héctor Vázquez
|
0-0: Ball 1-0: Called Strike 1-1: Ground out 6-3 (Groundball, 6)
|
Bottom of the 8th over - 0 run(s), 0 hit(s), 0 error(s), 0 left on base; Savannah 3 - Nashua 2 |
TOP OF THE 9TH |
Savannah Hogs batting - Pitching for Nashua Redlegs : LHP Tomás Salgado
|
Batting: RHB Javier Martínez
|
0-0: Called Strike 0-1: Foul Ball, location: 2F 0-2: Strikes out swinging
|
Batting: RHB Remi Eruzione
|
0-0: Foul Ball, location: 2F 0-1: Ball 1-1: Ball 2-1: Ball 3-1: Base on Balls
|
Pinch Hitting: RHB Sergio Moreno
|
0-0: Called Strike 0-1: Ball 1-1: 2-RUN HOME RUN (Flyball, 7D), Distance : 368 ft
|
Batting: RHB Anastasio Movonda
|
0-0: Ground out 5-3 (Groundball, 5L)
|
Batting: RHB Miguel Toro
|
0-0: Called Strike 0-1: Called Strike 0-2: Ball 1-2: Ball 2-2: Foul Ball, location: 2F 2-2: Ball 3-2: SINGLE (Line Drive, 56)
|
Batting: RHB Ignacio Rangel
|
Pickoff Throw to First - Error! E1 Miguel Toro to second 0-0: Called Strike 0-1: Called Strike 0-2: Strikes out looking
|
Top of the 9th over - 2 run(s), 2 hit(s), 1 error(s), 1 left on base; Savannah 5 - Nashua 2 |
BOTTOM OF THE 9TH |
Nashua Redlegs batting - Pitching for Savannah Hogs : RHP Shannon Wallace
|
Pitching: RHP Álex Solano
|
|
Now at C: Juan Jose Mendoza
|
|
Now in LF: Guillermo González
|
|
Now in CF: Júlio Macías
|
|
Batting: LHB Frank Young
|
0-0: Ball 1-0: Ball 2-0: Ball 3-0: Base on Balls
|
Batting: RHB Eleuterio Supardo
|
0-0: Ball 1-0: Ball 2-0: Ball 3-0: Base on Balls Frank Young to second
|
Pinch Hitting: LHB Bernardo Rodríguez
|
0-0: Swinging Strike 0-1: Foul Ball, location: 2F 0-2: Ball 1-2: Foul Ball, location: 2F 1-2: SINGLE (Line Drive, 9S) Frank Young to third Eleuterio Supardo to second
|
Batting: LHB Bill McCraney
|
0-0: Ball 1-0: Foul Ball, location: 2F 1-1: Ball 2-1: DOUBLE (Flyball, 78D) Frank Young scores Eleuterio Supardo scores Bernardo Rodríguez to third
|
Batting: LHB Mike Harris
|
0-0: Called Strike 0-1: Ball 1-1: Ball 2-1: Ground out 4-3 (Groundball, 4)
|
Batting: LHB Richard Olvera
|
0-0: Called Strike 0-1: Ball 1-1: Ball 2-1: Ball 3-1: Swinging Strike 3-2: Base on Balls
|
Batting: RHB David Strickland
|
0-0: Called Strike 0-1: Ball 1-1: Grounds into fielders choice 1-2 (Groundball, 15) Bill McCraney to third Richard Olvera to second
|
Batting: LHB Dave Lee
|
0-0: Ball 1-0: Ball 2-0: Ground out 4-3 (Groundball, 4)
|
Bottom of the 9th over - 2 run(s), 2 hit(s), 0 error(s), 3 left on base; Savannah 5 - Nashua 4 |
|